 Dungeon Crawl Stone Soup version 0.26.1-11-gd32895ea62 (webtiles) character file.

Game seed: 13759791236187372225

7302 manyhoops the Grappler (level 10, -3/86 HPs)
             Began as a Palentonga Transmuter on Apr 24, 2021.
             Was an Elder of Uskayaw.
             Slain by Grum
             ... wielding a +0 spear
              (10 damage)
             ... on level 10 of the Dungeon.
             The game lasted 00:21:16 (13262 turns).

manyhoops the Grappler (Palentonga Transmuter)     Turns: 13262, Time: 00:21:17

Health: -3/86      AC: 11    Str: 18    XL:     10   Next: 90%
Magic:  11/17      EV: 10    Int: 20    God:    Uskayaw [****..]
Gold:   170        SH:  5    Dex: 10    Spells: 7/18 levels left

rFire    . . .     SeeInvis +     - Unarmed
rCold    . . .     Faith    .   (shield currently unavailable)
rNeg     . . .     Spirit   .   a - +0 robe
rPois    +         Reflect  +   (no helmet)
rElec    .         Harm     .   (no cloak)
rCorr    +         Rampage  .   (gloves currently unavailable)
Will     .....                  (no barding)
Stlth    +.........             C - amulet "Noeliel" {Reflect Int+7 SH+5}
HPRegen  0.24/turn              B - ring of resist corrosion
MPRegen  0.15/turn              p - ring of poison resistance

@: blade hands, wereblooded, curled up
A: large, rugged brown scales 3, see invisible, deformed body, roll 1, armoured
tail, reflexive curl
a: Rolling Charge, End Transformation, Renounce Religion, Stomp, Line Pass


You were on level 10 of the Dungeon.
You worshipped Uskayaw.
Uskayaw was noncommittal.
You had blades for hands.
You visited 2 branches of the dungeon, and saw 11 of its levels.
You also visited: Ossuary.

You collected 547 gold pieces.
You spent 377 gold pieces at shops.

Inventory:

Armour
 a - a +0 robe (worn)
 w - a +2 pair of gloves (melded)
Jewellery
 i - an uncursed ring of fire
 p - a ring of poison resistance (right scythe-like blade)
 r - an uncursed ring of ice
 B - a ring of resist corrosion (left scythe-like blade)
 C - the amulet "Noeliel" (around neck) {Reflect Int+7 SH+5}
   (You bought it in a shop on level 8 of the Dungeon)

   [amulet of reflection]

   It shields you and reflects attacks.
   It affects your intelligence (+7).
   It affects your SH (+5).
Wands
 g - a wand of iceblast (6)
 u - a wand of disintegration (10)
 x - a wand of acid (5)
 y - a wand of paralysis (10)
Scrolls
 c - 2 scrolls of enchant weapon {unknown}
 e - a scroll of fear
 f - 3 scrolls of enchant armour
 h - 3 scrolls of fog
 k - 5 scrolls of remove curse
 l - 2 scrolls of magic mapping
 m - 4 scrolls of immolation
 n - 5 scrolls of amnesia
 o - 5 scrolls of teleportation
 z - a scroll of vulnerability
 D - a scroll of blinking {unknown}
 E - 2 scrolls of identify
 F - a scroll of brand weapon {unknown}
Potions
 b - 2 potions of attraction
 d - 5 potions of curing
 j - a potion of invisibility {unknown}
 q - 2 potions of might {unknown}
 s - a potion of cancellation {unknown}
 t - a potion of berserk rage {unknown}
 v - 2 potions of heal wounds {unknown}
 A - 2 potions of brilliance {unknown}


   Skills:
 - Level 5.5 Fighting
 + Level 3.2 Dodging
 - Level 10.6 Unarmed Combat
 - Level 4.8 Spellcasting
 - Level 9.0 Transmutations
 - Level 6.4 Invocations


You had 7 spell levels left.
You knew the following spells:

 Your Spells              Type           Power        Failure   Level
a - Beastly Appendage     Tmut           82%          10%         1
b - Wereblood             Tmut           41%          11%         2
c - Spider Form           Tmut/Pois      11%          34%         3
d - Blade Hands           Tmut           20%          41%         5

Your spell library contained the following spells:

 Spells                   Type           Power        Failure   Level
 Animate Skeleton         Necr           8%           50%         1
 Apportation              Tloc           8%           50%         1
 Corona                   Hex            4%           50%         1
 Summon Small Mammal      Summ           16%          50%         1
 Ice Form                 Ice/Tmut       22%          61%         4


Dungeon Overview and Level Annotations

Branches:
Dungeon (10/15)            Temple (1/1) D:6            Lair (0/6) D:8
Ossuary (visited)
    Orc: D:9-12

Altars:
Ashenzari
Cheibriados
Dithmenos
Elyvilon
Fedhas
Gozag
Hepliaklqana
Kikubaaqudgha
Makhleb
Nemelex Xobeh
Okawaru
Qazlal
Ru
Sif Muna
Trog
Uskayaw
Vehumet
Wu Jian
Xom
Yredelemnul
Zin
The Shining One

Shops:
D:7 *   D:8 :*

Annotations:
D:10 1 runed translucent door, Grum


Innate Abilities, Weirdness & Mutations

You are completely covered in rugged brown scales. (AC +3, +7% HP)
You have supernaturally acute eyesight. (SInv)
Armour fits poorly on your strangely shaped body.
You can roll at nearby foes to attack.
You have a long armoured tail.
You curl defensively after being hit.


Message History

The helpless wolf fails to defend itself.
You slice the wolf!!
You kill the wolf!
Grum is no longer paralysed.
The steam dragon is no longer paralysed.
Grum hits you from afar with a +0 spear!
Uskayaw will force your foes to share their pain.
Uskayaw links your audience in an emotional bond!
Grum hits you with a +0 spear!
* * * LOW HITPOINT WARNING * * *
The steam dragon breathes steam at you. The ball of steam hits you!
* * * LOW HITPOINT WARNING * * *
You see here a wolf corpse.
You slice Grum!!
Grum is severely wounded.
You are engulfed in a cloud of scalding steam.
* * * LOW HITPOINT WARNING * * *
Grum hits you with a +0 spear!
You die...

#######.# #....#..#
#+######....#..##
............#...#
........#####.#.##
........# #.#..#
........# #.##.#
........# #.##.#
........# #..#)#
......g@######.#.##
......D†.....#..(.#
########†....##)#)#
.#.#.#.#......##...##
.#.#.#.#.#.#+#.###...#
.#.#.#.#.#.#.#.##
#...#
.#.#.#.#.#.#.#.#.#
##..##
.#.#.#.#.#.#.#.#.##
#...#
.#.#.#.#.#.#.#.#.#.#
##..#


You could see Grum (pain bonded) and a steam dragon (pain bonded).

Vanquished Creatures
  A two-headed ogre (D:9)
  A death yak (D:7)
  Pikel (D:8)
  Joseph (D:8)
  Grinder (D:3)
  Sigmund (D:4)
  Eustachio (D:5)
  5 yaks
  2 water moccasins
  3 orc warriors
  2 ice beasts
  A sky beast (D:9)
  A phantom (D:6)
  3 ogres
  2 centaurs (D:5)
  3 wolves (D:10)
  A big kobold (D:7)
  7 bullfrogs
  A gnoll sergeant (D:10)
  2 scorpions
  5 killer bees (D:7)
  2 howler monkeys
  5 wights
  3 bullfrog zombies
  A centaur zombie (D:9)
  4 hounds
  5 orc priests
  A centaur skeleton (D:4)
  3 jellies
  6 orc wizards
  Jessica (D:3)
  A bullfrog skeleton (D:4)
  2 iguanas
  9 worker ants
  A big kobold zombie (Ossuary)
  A hound skeleton (D:5)
  3 mummies (Ossuary)
  3 worker ant zombies (D:10)
  2 howler monkey skeletons (D:9)
  2 howler monkey zombies
  3 gnolls (D:10)
  6 adders
  2 shadow imps
  3 white imps
  5 ufetubi
  3 oozes
  3 adder zombies (Ossuary)
  2 worms (D:2)
  2 dart slugs (D:1)
  2 leopard geckos
  27 orcs
  3 bats
  3 giant cockroaches
  8 goblins
  7 hobgoblins
  10 jackals
  15 kobolds
  4 quokkas
  2 ball pythons
  A ball python skeleton (D:4)
  A ball python zombie (D:4)
  5 frilled lizards
  3 goblin zombies (Ossuary)
  A hobgoblin zombie (Ossuary)
  5 kobold zombies (Ossuary)
  A quokka skeleton (D:6)
  A quokka zombie (Ossuary)
  9 rats
  4 rat zombies (Ossuary)
241 creatures vanquished.

Notes
Turn   | Place    | Note
-------+----------+-------------------------------------------
     0 | D:1      | manyhoops the Palentonga Transmuter began the quest for the
                  | Orb.
     0 | D:1      | Reached XP level 1. HP: 17/17 MP: 3/3
   208 | D:1      | Reached XP level 2. HP: 17/24 MP: 3/5
   906 | D:1      | Reached XP level 3. HP: 23/31 MP: 4/6
  1110 | D:1      | Reached skill level 4 in Unarmed Combat
  2047 | D:2      | Reached XP level 4. HP: 34/38 MP: 7/7
  2094 | D:2      | Found a burning altar of Makhleb.
  2137 | D:2      | Found a shadowy altar of Dithmenos.
  2467 | D:2      | Found a radiant altar of Vehumet.
  2514 | D:3      | Noticed Grinder
  2907 | D:3      | Killed Grinder
  2908 | D:3      | Reached skill level 6 in Unarmed Combat
  2908 | D:3      | Reached XP level 5. HP: 46/48 MP: 8/8
  2908 | D:3      | Reached XP level 6. HP: 52/54 MP: 9/9
  3111 | D:3      | Found a shimmering blue altar of Sif Muna.
  3259 | D:3      | Noticed Jessica
  3261 | D:3      | Killed Jessica
  3430 | D:3      | Learned a level 2 spell: Wereblood
  3434 | D:3      | Learned a level 3 spell: Spider Form
  4020 | D:4      | Noticed Sigmund
  4031 | D:4      | Killed Sigmund
  4032 | D:4      | Gained mutation: You curl defensively after being hit.
                  | [Palentonga growth]
  4032 | D:4      | Reached XP level 7. HP: 55/60 MP: 8/10
  4176 | D:4      | Found a glowing silver altar of Zin.
  4179 | D:4      | Found a shadowy altar of Dithmenos.
  4182 | D:4      | Found a hazy altar of Hepliaklqana.
  4196 | D:4      | Found a glowing golden altar of the Shining One.
  4365 | D:5      | Entered Level 5 of the Dungeon
  4365 | D:5      | Found a white marble altar of Elyvilon.
  4369 | D:5      | Noticed Eustachio
  4378 | D:5      | Reached skill level 5 in Transmutations
  4386 | D:5      | Killed Eustachio
  4894 | D:5      | Reached XP level 8. HP: 52/67 MP: 11/11
  5741 | D:5      | Reached skill level 7 in Unarmed Combat
  6047 | D:5      | Found a snail-covered altar of Cheibriados.
  6074 | D:5      | Found a bloodstained altar of Trog.
  6246 | D:6      | Found a staircase to the Ecumenical Temple.
  6284 | Temple   | Entered the Ecumenical Temple
  6293 | Temple   | Became a worshipper of Uskayaw the Reveller
  6378 | D:6      | Reached * piety under Uskayaw
  6381 | D:6      | Reached skill level 8 in Unarmed Combat
  6384 | D:6      | Reached ** piety under Uskayaw
  6552 | D:6      | Reached *** piety under Uskayaw
  6556 | D:6      | Reached **** piety under Uskayaw
  6933 | D:6      | Reached XP level 9. HP: 77/77 MP: 12/12
  7275 | D:7      | Found a snail-covered altar of Cheibriados.
  7282 | D:7      | Reached skill level 9 in Unarmed Combat
  7309 | D:7      | Found a sand-covered staircase.
  7313 | Ossuary  | Entered an ossuary
  7852 | D:7      | Found Kankun's Serpentskin Sales.
  7929 | D:7      | Reached skill level 5 in Fighting
  8083 | D:7      | Reached skill level 10 in Unarmed Combat
  9132 | D:8      | Noticed a death yak
  9196 | D:8      | Noticed a death yak
  9212 | D:7      | Killed a death yak
  9213 | D:7      | Reached skill level 5 in Invocations
  9213 | D:7      | Reached XP level 10. HP: 17/86 MP: 13/13
  9507 | D:8      | Noticed a death yak
 10120 | D:8      | Found a staircase to the Lair.
 10624 | D:8      | Found Nachyhacs's Assorted Antiques.
 10629 | D:8      | Bought a scroll of identify for 52 gold pieces
 10629 | D:8      | Bought a warped crystal amulet for 130 gold pieces
 10639 | D:8      | Identified the amulet "Noeliel" {Reflect Int+7 SH+5} (You
                  | bought it in a shop on level 8 of the Dungeon)
 10642 | D:8      | Bought a pair of glowing gloves for 195 gold pieces
 10944 | D:8      | Learned a level 5 spell: Blade Hands
 10987 | D:8      | Noticed Joseph
 10998 | D:8      | Killed Joseph
 11010 | D:8      | Noticed Pikel
 11019 | D:8      | Killed Pikel
 11393 | D:8      | Found Bantumy's Book Shoppe.
 12316 | D:9      | Noticed a two-headed ogre
 12321 | D:9      | Killed a two-headed ogre
 12626 | D:10     | Entered Level 10 of the Dungeon
 12774 | D:10     | Found a runed translucent door.
 13248 | D:10     | Noticed Grum
 13262 | D:10     | Slain by Grum

Illustrated notes

Levels and vault maps discovered:
D:1:      dpeg_arrival_pits, layout_loops_ring, kennysheep_minor_cross
D:2:      layout_basic, nicolae_overflow_crystal_walls, kennysheep_flooded_box,
          nicolae_dithmenos_shadow_blocks
D:3:      layout_basic, lemuel_blue_sif_altar, uniq_grinder, uniq_jessica
D:4:      layout_rooms, grunt_temple_overflow_cloverleaf, uniq_sigmund
D:5:      layout_loops_corners, nicolae_overflow_hidden_temple,
          elyvilon_altar_1, cheibriados_altar_1, uniq_eustachio
D:6:      layout_loops_ring, minmay_temple_entry_purple_smoke
D:7:      layout_basic, enter_ossuary_5, basic_altar, guppyfry_shop_venom
D:8:      layout_rooms, dpeg_lair_monsters, serial_shops, shop,
          nicolae_shop_crystal, uniq_pikel, uniq_joseph
D:9:      layout_basic
D:10:     cheibrodos_histonic, layout_basic, uniq_grum
Temple:   nicolae_temple_no_exploring_needed

Skill      XL: |  1  2  3  4  5  6  7  8  9 10 |
---------------+-------------------------------+-----
Unarmed Combat | 4 6 8 10 | 10.6
Fighting       | 2 3 4 5 |  5.5
Transmutations | 4 6 7 9 |  9.0
Invocations    | 5 6 |  6.4
Spellcasting   | 4 |  4.8
Dodging        | 3 |  3.2

Action                   |  1- 3 |  4- 6 |  7- 9 | 10-12 || total
-------------------------+-------+-------+-------+-------++-------
Melee: Unarmed           |   106 |   111 |   390 |   173 ||   780
       Tailslap          |     7 |    12 |    37 |    21 ||    77
       Kick              |     7 |     9 |    24 |       ||    40
       Headbutt          |     6 |     8 |     9 |       ||    23
       Punch             |     1 |     2 |    10 |     2 ||    15
 Cast: Beastly Appendage |    15 |    12 |    15 |     1 ||    43
       Wereblood         |       |       |    10 |     3 ||    13
       Spider Form       |       |       |     7 |     4 ||    11
       Blade Hands       |       |       |       |    15 ||    15
Invok: Line Pass         |       |       |     1 |       ||     1
 Abil: Rolling Charge    |       |     5 |    13 |     2 ||    20
  Use: Scroll            |       |     7 |     6 |     4 ||    17
       Potion            |       |     3 |       |     1 ||     4
 Stab: Paralysed         |       |       |     7 |     6 ||    13
       Sleeping          |       |       |     1 |       ||     1
Armor: Robe              |    35 |    31 |   103 |    24 ||   193
       Skin              |       |     2 |     2 |     1 ||     5
Dodge: Dodged            |    50 |    43 |   226 |    82 ||   401
Block: Other             |       |       |       |    24 ||    24
       Reflection        |       |       |       |     2 ||     2
